| TOP OF THE 1ST |
|
San Francisco Giants batting - Pitching for San Diego Padres : RHP Timóteo Metzener
|
|
Pitching: RHP Timóteo Metzener
|
|
|
Batting: RHB Nick Rigden
|
0-0: Foul Ball, location: 2F 0-1: Ball 1-1: Swinging Strike 1-2: Ball 2-2: Strikes out looking
|
|
Batting: SHB Ryan Doss
|
0-0: Ball 1-0: Called Strike 1-1: Foul Ball, location: 2F 1-2: Ground out 4-3 (Groundball, 34D, EV 104.4 MPH)
|
|
Batting: LHB Jack Henningar
|
0-0: Ball 1-0: Called Strike 1-1: Foul Ball, location: 2F 1-2: Ball 2-2: Ball 3-2: Foul Ball, location: 2F 3-2: Ground out 4-3 (Groundball, 4, EV 86.3 MPH)
|
| Top of the 1st over - 0 runs, 0 hits, 0 errors, 0 left on base; San Francisco 0 - San Diego 0 |
| BOTTOM OF THE 1ST |
|
San Diego Padres batting - Pitching for San Francisco Giants : RHP Ted Mosley
|
|
Pitching: RHP Ted Mosley
|
|
|
Batting: LHB Per Meulengracht
|
0-0: Foul Ball, location: 2F 0-1: Swinging Strike 0-2: Ground out 4-3 (Groundball, 34D, EV 111.3 MPH)
|
|
Batting: RHB Bobby Ayala
|
0-0: Foul Ball, location: 2F 0-1: Ball 1-1: Called Strike 1-2: Strikes out swinging
|
|
Batting: LHB Mike Holt
|
0-0: SINGLE (Line Drive, 9LS, EV 100.0 MPH)
|
|
Batting: SHB Jerry Luckwell
|
0-0: Foul Ball, location: 2F 0-1: Ball 1-1: Ball 2-1: Fly out, F8 (Line Drive, 8RM, EV 100.0 MPH)
|
| Bottom of the 1st over - 0 runs, 1 hit, 0 errors, 1 left on base; San Francisco 0 - San Diego 0 |
| TOP OF THE 2ND |
|
San Francisco Giants batting - Pitching for San Diego Padres : RHP Timóteo Metzener
|
|
Batting: LHB Willis Robles
|
0-0: Ball 1-0: Swinging Strike 1-1: Foul Ball, location: 2F 1-2: Strikes out swinging
|
|
Batting: RHB Sean Zielinski
|
0-0: Swinging Strike 0-1: Swinging Strike 0-2: Foul Ball, location: 2F 0-2: Strikes out looking
|
|
Batting: RHB Jim Zucco
|
0-0: SINGLE (Groundball, 34D, EV 106.3 MPH)
|
|
Batting: RHB Jason May
|
0-0: Called Strike Pickoff Throw to First - Out! 1-3
|
| Top of the 2nd over - 0 runs, 1 hit, 0 errors, 0 left on base; San Francisco 0 - San Diego 0 |
| BOTTOM OF THE 2ND |
|
San Diego Padres batting - Pitching for San Francisco Giants : RHP Ted Mosley
|
|
Batting: RHB Cesar Breceda
|
0-0: Ball 1-0: Ball 2-0: Ball 3-0: Called Strike 3-1: Base on Balls
|
|
Batting: RHB Chiel Palstermans
|
0-0: Ball 1-0: Ball 2-0: Grounds into double play, 4-6-3 (Groundball, 34, EV 79.4 MPH)
|
|
Batting: LHB Andy Bowman
|
0-0: Swinging Strike 0-1: Ball 1-1: Ground out 6-3 (Groundball, 6S, EV 80.0 MPH)
|
| Bottom of the 2nd over - 0 runs, 0 hits, 0 errors, 0 left on base; San Francisco 0 - San Diego 0 |
| TOP OF THE 3RD |
|
San Francisco Giants batting - Pitching for San Diego Padres : RHP Timóteo Metzener
|
|
Batting: RHB Jason May
|
0-0: Ball 1-0: Ball 2-0: Ball 3-0: Swinging Strike 3-1: Foul Ball, location: 2F 3-2: Ground out U3 (Groundball, 34S, EV 88.1 MPH)
|
|
Batting: RHB Ray Llewellyn
|
0-0: Foul Ball, location: 2F 0-1: Swinging Strike 0-2: Ball 1-2: Strikes out swinging wild pitch, reaches first!
|
|
Batting: SHB Ken Welch
|
Pickoff Throw to First - Out! 1-3 0-0: Ball 1-0: Ball 2-0: Ground out 6-3 (Groundball, 6M, EV 81.9 MPH)
|
| Top of the 3rd over - 0 runs, 0 hits, 0 errors, 0 left on base; San Francisco 0 - San Diego 0 |
| BOTTOM OF THE 3RD |
|
San Diego Padres batting - Pitching for San Francisco Giants : RHP Ted Mosley
|
|
Batting: RHB Alois Wollf
|
0-0: Called Strike 0-1: Called Strike 0-2: Foul Ball, location: 2F 0-2: Strikes out swinging
|
|
Batting: RHB Alberto Cotto
|
0-0: Ground out 5-3 (Groundball, 5S, EV 68.8 MPH)
|
|
Batting: LHB Per Meulengracht
|
0-0: Ball 1-0: Called Strike 1-1: Foul Ball, location: 2F 1-2: Strikes out swinging
|
| Bottom of the 3rd over - 0 runs, 0 hits, 0 errors, 0 left on base; San Francisco 0 - San Diego 0 |
| TOP OF THE 4TH |
|
San Francisco Giants batting - Pitching for San Diego Padres : RHP Timóteo Metzener
|
|
Batting: RHB Nick Rigden
|
0-0: Called Strike 0-1: Called Strike 0-2: Ball 1-2: Ground out 6-3 (Groundball, 6, EV 106.3 MPH)
|
|
Batting: SHB Ryan Doss
|
0-0: Called Strike 0-1: Ball 1-1: Ball 2-1: DOUBLE (Line Drive, 5D, EV 106.9 MPH)
|
|
Batting: LHB Jack Henningar
|
0-0: Called Strike 0-1: Called Strike 0-2: Ball 1-2: Ball 2-2: Foul Ball, location: 2F 2-2: Ball 3-2: Foul Ball, location: 2F 3-2: Foul Ball, location: 2F 3-2: SINGLE (Groundball, 6M, EV 105.0 MPH) (infield hit) Ryan Doss to third
|
|
Batting: LHB Willis Robles
|
0-0: Ball 1-0: Ball 2-0: Ball 3-0: Base on Balls Jack Henningar to second
|
|
Batting: RHB Sean Zielinski
|
0-0: Ball 1-0: Swinging Strike 1-1: Called Strike 1-2: Fly out, F8 (Line Drive, 8LM, EV 96.3 MPH)
|
|
Batting: RHB Jim Zucco
|
0-0: SINGLE (Groundball, 6MD, EV 98.8 MPH) Ryan Doss scores Jack Henningar to third Willis Robles to second Runner from 3rd tries for Home, SAFE, throw by CF to home
|
|
Batting: RHB Jason May
|
0-0: Ball 1-0: Ball 2-0: Ball 3-0: Foul Ball, location: 2F 3-1: Foul Ball, location: 2F 3-2: Ground out 4-3 (Groundball, 4, EV 90.0 MPH)
|
| Top of the 4th over - 2 runs, 3 hits, 0 errors, 2 left on base; San Francisco 2 - San Diego 0 |
| BOTTOM OF THE 4TH |
|
San Diego Padres batting - Pitching for San Francisco Giants : RHP Ted Mosley
|
|
Batting: RHB Bobby Ayala
|
0-0: Ball 1-0: Foul Ball, location: 2F 1-1: Ball 2-1: Foul Ball, location: 2F 2-2: Ground out 5-3 (Groundball, 56S, EV 69.4 MPH)
|
|
Batting: LHB Mike Holt
|
0-0: Ball 1-0: Foul Ball, location: 2F 1-1: Ball 2-1: SOLO HOME RUN (Flyball, 78XD, EV 108.8 MPH), Distance : 419 ft
|
|
Batting: SHB Jerry Luckwell
|
0-0: Ball 1-0: Ball 2-0: Ball 3-0: Base on Balls
|
|
Batting: RHB Cesar Breceda
|
0-0: Foul Ball, location: 2F 0-1: Ball 1-1: Ball 2-1: Foul Ball, location: 2F 2-2: Grounds into double play, 6-4-3 (Groundball, 6, EV 107.5 MPH)
|
| Bottom of the 4th over - 1 run, 1 hit, 0 errors, 0 left on base; San Francisco 2 - San Diego 1 |
| TOP OF THE 5TH |
|
San Francisco Giants batting - Pitching for San Diego Padres : RHP Timóteo Metzener
|
|
Batting: RHB Ray Llewellyn
|
0-0: Called Strike 0-1: Ball 1-1: Called Strike 1-2: Strikes out looking
|
|
Batting: SHB Ken Welch
|
0-0: Ball 1-0: Ball 2-0: SOLO HOME RUN (Flyball, 9LD, EV 96.3 MPH), Distance : 350 ft
|
|
Batting: RHB Nick Rigden
|
0-0: Called Strike 0-1: Foul Ball, location: 2F 0-2: Foul Ball, location: 2F 0-2: Ball 1-2: Foul Ball, location: 2F 1-2: Ball 2-2: DOUBLE (Line Drive, 89D, EV 113.1 MPH)
|
|
Batting: SHB Ryan Doss
|
0-0: Ball 1-0: Ball 2-0: Ground out U3 (Groundball, 3, EV 85.0 MPH) Nick Rigden to third
|
|
Batting: LHB Jack Henningar
|
0-0: Ball 1-0: Foul Ball, location: 2F 1-1: Foul Ball, location: 2F 1-2: Foul Ball, location: 2F 1-2: Ball 2-2: DOUBLE (Groundball, 3L, EV 105.6 MPH) Nick Rigden scores
|
|
Batting: LHB Willis Robles
|
0-0: Called Strike 0-1: Ground out 4-3 (Groundball, 4, EV 90.0 MPH)
|
| Top of the 5th over - 2 runs, 3 hits, 0 errors, 1 left on base; San Francisco 4 - San Diego 1 |
| BOTTOM OF THE 5TH |
|
San Diego Padres batting - Pitching for San Francisco Giants : RHP Ted Mosley
|
|
Batting: RHB Chiel Palstermans
|
0-0: Ball 1-0: Ball 2-0: Ball 3-0: Base on Balls
|
|
Batting: LHB Andy Bowman
|
0-0: Ball 1-0: Swinging Strike 1-1: Ball 2-1: Ball 3-1: Foul Ball, location: 2F 3-2: Base on Balls Chiel Palstermans to second
|
|
Batting: RHB Alois Wollf
|
0-0: Swinging Strike 0-1: Ball 1-1: Ball 2-1: SINGLE (Line Drive, 34D, EV 94.4 MPH) Chiel Palstermans to third Andy Bowman to second Runner from 3rd tries for Home, SAFE, throw by RF to home
|
|
Batting: RHB Alberto Cotto
|
0-0: Called Strike 0-1: Swinging Strike 0-2: Ball 1-2: Ball 2-2: Strikes out looking
|
|
Batting: LHB Per Meulengracht
|
0-0: Ball 1-0: Ball 2-0: Ball 3-0: Base on Balls Andy Bowman to third Alois Wollf to second
|
|
Batting: RHB Bobby Ayala
|
0-0: Called Strike 0-1: Ball 1-1: Ball 2-1: Called Strike 2-2: Strikes out looking
|
|
Batting: LHB Mike Holt
|
0-0: Ball 1-0: Fielders Choice at 2nd, 6-4 (Groundball, 4M, EV 108.1 MPH)
|
| Bottom of the 5th over - 1 run, 1 hit, 0 errors, 3 left on base; San Francisco 4 - San Diego 2 |
| TOP OF THE 6TH |
|
San Francisco Giants batting - Pitching for San Diego Padres : RHP Timóteo Metzener
|
|
Batting: RHB Sean Zielinski
|
0-0: Ball 1-0: Ball 2-0: Ball 3-0: Called Strike 3-1: Base on Balls
|
|
Pitching: LHP Klaus Qvist
|
|
|
Batting: RHB Jim Zucco
|
0-0: Ball 1-0: Ball 2-0: Ball 3-0: Called Strike 3-1: Base on Balls Sean Zielinski to second
|
|
Batting: RHB Jason May
|
0-0: Ball 1-0: Swinging Strike 1-1: Ball 2-1: Ball 3-1: Base on Balls Sean Zielinski to third Jim Zucco to second
|
|
Batting: RHB Ray Llewellyn
|
0-0: Called Strike 0-1: Foul Ball, location: 2F 0-2: Foul Ball, location: 2F 0-2: Ball 1-2: Ball 2-2: Foul Ball, location: 2F 2-2: Ground out 5-3 (Groundball, 56S, EV 74.4 MPH) Sean Zielinski scores Jim Zucco to third Jason May to second
|
|
Batting: SHB Ken Welch
|
0-0: Ball 1-0: DOUBLE (Line Drive, 9LS, EV 98.8 MPH) Jim Zucco scores Jason May scores
|
|
Batting: RHB Nick Rigden
|
0-0: Ball 1-0: Ball 2-0: Ground out 5-3 (Groundball, 5S, EV 67.5 MPH) Ken Welch to third
|
|
Batting: SHB Ryan Doss
|
0-0: Foul Ball, location: 2F 0-1: Fly out, F8 (Flyball, 78XD, EV 98.1 MPH)
|
| Top of the 6th over - 3 runs, 1 hit, 0 errors, 1 left on base; San Francisco 7 - San Diego 2 |
| BOTTOM OF THE 6TH |
|
San Diego Padres batting - Pitching for San Francisco Giants : RHP Ted Mosley
|
|
Batting: SHB Jerry Luckwell
|
0-0: SINGLE (Line Drive, 34D, EV 103.1 MPH)
|
|
Batting: RHB Cesar Breceda
|
0-0: Foul Ball, location: 2F 0-1: Foul Ball, location: 2F 0-2: Ball 1-2: Ball 2-2: Grounds into double play, 6-4-3 (Groundball, 6, EV 99.4 MPH)
|
|
Batting: RHB Chiel Palstermans
|
0-0: Ball 1-0: Fly out, F8 (Flyball, 8RM, EV 91.3 MPH)
|
| Bottom of the 6th over - 0 runs, 1 hit, 0 errors, 0 left on base; San Francisco 7 - San Diego 2 |
| TOP OF THE 7TH |
|
San Francisco Giants batting - Pitching for San Diego Padres : LHP Klaus Qvist
|
|
Batting: LHB Jack Henningar
|
0-0: Fly out, F7 (Flyball, 7S, EV 82.5 MPH)
|
|
Batting: LHB Willis Robles
|
0-0: Ball 1-0: Fly out, F5 (Popup, 25F, EV 85.6 MPH)
|
|
Batting: RHB Sean Zielinski
|
0-0: Fly out, F9 (Flyball, 89M, EV 91.9 MPH)
|
| Top of the 7th over - 0 runs, 0 hits, 0 errors, 0 left on base; San Francisco 7 - San Diego 2 |
| BOTTOM OF THE 7TH |
|
San Diego Padres batting - Pitching for San Francisco Giants : RHP Ted Mosley
|
|
Pitching: LHP Matt Wass
|
|
|
Batting: LHB Andy Bowman
|
0-0: Ball 1-0: Called Strike 1-1: Ball 2-1: Foul Ball, location: 2F 2-2: Strikes out swinging
|
|
Batting: RHB Alois Wollf
|
0-0: Foul Ball, location: 2F 0-1: Foul Ball, location: 2F 0-2: Strikes out swinging
|
|
Batting: RHB Alberto Cotto
|
0-0: Ball 1-0: Ball 2-0: Ball 3-0: Called Strike 3-1: Ground out 4-3 (Groundball, 4, EV 87.5 MPH)
|
| Bottom of the 7th over - 0 runs, 0 hits, 0 errors, 0 left on base; San Francisco 7 - San Diego 2 |
| TOP OF THE 8TH |
|
San Francisco Giants batting - Pitching for San Diego Padres : LHP Klaus Qvist
|
|
Batting: RHB Jim Zucco
|
0-0: DOUBLE (Groundball, 3L, EV 96.9 MPH)
|
|
Batting: RHB Jason May
|
0-0: Ball 1-0: Foul Ball, location: 2F 1-1: Ball 2-1: Foul Ball, location: 2F 2-2: Ball 3-2: Foul Ball, location: 2F 3-2: Fly out, F9 (Flyball, 9LS, EV 94.4 MPH)
|
|
Batting: RHB Ray Llewellyn
|
0-0: Swinging Strike 0-1: Called Strike 0-2: Ball 1-2: Strikes out swinging
|
|
Pitching: LHP Ricardo Chavez
|
|
|
Batting: SHB Ken Welch
|
0-0: Foul Ball, location: 2F 0-1: Called Strike 0-2: Foul Ball, location: 2F 0-2: Strikes out swinging
|
| Top of the 8th over - 0 runs, 1 hit, 0 errors, 1 left on base; San Francisco 7 - San Diego 2 |
| BOTTOM OF THE 8TH |
|
San Diego Padres batting - Pitching for San Francisco Giants : LHP Matt Wass
|
|
Batting: LHB Per Meulengracht
|
0-0: Ball 1-0: Ball 2-0: Swinging Strike 2-1: Ground out 4-3 (Groundball, 4, EV 81.9 MPH)
|
|
Batting: RHB Bobby Ayala
|
0-0: Called Strike 0-1: Ball 1-1: SINGLE (Groundball, 56D, EV 96.9 MPH)
|
|
Batting: LHB Mike Holt
|
0-0: Called Strike 0-1: SINGLE (Line Drive, 3D, EV 108.8 MPH) Bobby Ayala to second
|
|
Batting: SHB Jerry Luckwell
|
0-0: Ball 1-0: Ball 2-0: Fielders Choice at 2nd, 3-6 (Groundball, 34, EV 86.3 MPH) Bobby Ayala to third
|
|
Pitching: RHP Allen Vesey
|
|
|
Batting: RHB Cesar Breceda
|
0-0: Called Strike 0-1: Ball 1-1: Fielders Choice at 2nd, U6 (Groundball, 6M, EV 88.8 MPH)
|
| Bottom of the 8th over - 0 runs, 2 hits, 0 errors, 2 left on base; San Francisco 7 - San Diego 2 |
| TOP OF THE 9TH |
|
San Francisco Giants batting - Pitching for San Diego Padres : LHP Ricardo Chavez
|
|
Batting: RHB Nick Rigden
|
0-0: Ball 1-0: Ground out 5-3 (Groundball, 5L, EV 81.3 MPH)
|
|
Batting: SHB Ryan Doss
|
0-0: Swinging Strike 0-1: Called Strike 0-2: Ball 1-2: Ball 2-2: Ball 3-2: Foul Ball, location: 2F 3-2: Fly out, F8 (Line Drive, 8LM, EV 99.4 MPH)
|
|
Batting: LHB Jack Henningar
|
0-0: Ball 1-0: Foul Ball, location: 2F 1-1: Swinging Strike 1-2: Strikes out swinging
|
| Top of the 9th over - 0 runs, 0 hits, 0 errors, 0 left on base; San Francisco 7 - San Diego 2 |
| BOTTOM OF THE 9TH |
|
San Diego Padres batting - Pitching for San Francisco Giants : RHP Allen Vesey
|
|
Batting: RHB Chiel Palstermans
|
0-0: Foul Ball, location: 2F 0-1: Foul Ball, location: 2F 0-2: Ball 1-2: Ball 2-2: Ball 3-2: SINGLE (Line Drive, 34, EV 106.9 MPH)
|
|
Batting: LHB Andy Bowman
|
0-0: SINGLE (Groundball, 6MD, EV 101.9 MPH) (infield hit) Chiel Palstermans to second
|
|
Batting: RHB Alois Wollf
|
0-0: Called Strike 0-1: Swinging Strike 0-2: Ball 1-2: Grounds into double play, 3-6-1 (Groundball, 34, EV 105.6 MPH) Chiel Palstermans to third
|
|
Batting: RHB Alberto Cotto
|
0-0: Ball 1-0: Ball 2-0: Called Strike 2-1: Ball 3-1: Foul Ball, location: 2F 3-2: Foul Ball, location: 2F 3-2: Ground out 4-3 (Groundball, 34, EV 81.3 MPH)
|
| Bottom of the 9th over - 0 runs, 2 hits, 0 errors, 1 left on base; San Francisco 7 - San Diego 2 |
|